 Dungeon Crawl Stone Soup version 0.30.1-11-g7821555f0a (webtiles) character file.

Game seed: 13670434670569280789

63 growler the Gusty (level 4, -5/24 HPs)
             Began as a Tengu Air Elementalist on Nov 8, 2023.
             Slain by Sigmund
             ... wielding a +0 scythe
              (10 damage)
             ... on level 3 of the Dungeon.
             The game lasted 00:05:21 (2299 turns).

growler the Gusty (Tengu Air Elementalist)          Turns: 2299, Time: 00:05:22

Health: -5/24      AC:  2    Str:  8    XL:     4   Next: 10%
Magic:  1/9        EV: 12    Int: 17    God:
Gold:   157        SH:  0    Dex: 15    Spells: 2/8 levels left

rFire   . . .        g - +1 dagger (venom)
rCold   . . .        (no shield)
rNeg    . . .        a - +0 robe
rPois   .            (helmet restricted)
rElec   .            (no cloak)
rCorr   .            (no gloves)
SInv    .            (boots unavailable)
Will    .....        (no amulet)
Stlth   ++           (no ring)
HPRegen 0.24/turn    (no ring)
MPRegen 0.11/turn

%: no passive effects
@: no status effects
A: beak, talons 3
a: no special abilities


You were on level 3 of the Dungeon.
You visited 1 branch of the dungeon, and saw 3 of its levels.

You collected 157 gold pieces.

Inventory:

Hand Weapons
 g - a +1 dagger of venom (weapon)
Armour
 a - a +0 robe (worn)
Scrolls
 f - 2 scrolls of identify {unknown}
 h - a scroll of butterflies {unknown}
 i - 2 scrolls of teleportation {unknown}
 j - 3 scrolls of vulnerability {unknown}
 k - a scroll of immolation {unknown}
 n - a scroll of silence {unknown}
Potions
 b - a potion of magic
 c - a potion of ambrosia {unknown}
 d - 2 potions of berserk rage {unknown}
 e - a potion of flight {unknown}
 l - 2 potions of brilliance {unknown}
 m - a potion of degeneration {unknown}
 o - a potion of curing
 p - a potion of attraction {unknown}


   Skills:
 - Level 2.1 Dodging
 - Level 2.0 Stealth
 + Level 2.8 Spellcasting
 + Level 3.1 Conjurations
 + Level 4.9 Air Magic


You had 2 spell levels left.
You knew the following spells:

 Your Spells              Type           Power      Damage    Failure   Level
a - Shock                 Conj/Air       64%        1d7       3%          1
b - Static Discharge      Conj/Air       32%        2-4/arc   5%          2
c - Swiftness             Air            19%        N/A       7%          3

Your spell library contained the following spells:

 Spells                   Type           Power      Damage    Failure   Level
 Freeze                   Ice            8%         1d3       19%         1
 Slow                     Hex            8%         N/A       19%         1
 Airstrike                Air            9%         2d(2-18)  24%         4
 Hailstorm                Conj/Ice       7%         3d4       28%         3
 Frozen Ramparts          Ice            4%         1d1       47%         3
 Summon Guardian Golem    Hex/Summ       2%         N/A       47%         3
 Sticky Flame             Conj/Fire      7%         2d3       67%         4
 Simulacrum               Ice/Necr       1%         N/A       100%        6
 Ozocubu's Refrigeration  Ice            1%         4d7       100%        7
 Discord                  Hex            1%         N/A       100%        8
 Polar Vortex             Ice            1%         N/A       100%        9


Dungeon Overview and Level Annotations

Branches:
Dungeon (3/15)

Altars:

Annotations:
D:3 Sigmund


Innate Abilities, Weirdness & Mutations

You have a beak for a mouth.
You have claws for feet.


Message History

You are struck by an arc of lightning.
The lightning grounds out.
Sigmund casts a spell at you.
You are confused.
You're too confused to cast spells.
You bump into the rock wall.
Sigmund closely misses you.
Unknown command.
It was a potion of curing.
You feel better.
Casting: Static Discharge (safe; 5% risk of failure)
Confirm with . or Enter, or press ? or * to list all spells.
You don't know that spell.
Casting: Static Discharge (safe; 5% risk of failure)
Confirm with . or Enter, or press ? or * to list all spells.
Sigmund is struck by an arc of lightning.
Sigmund is moderately wounded.
You are struck by an arc of lightning.
Sigmund is struck by an arc of lightning.
Sigmund is heavily wounded.
You are struck by an arc of lightning.
The lightning grounds out.
Sigmund hits you with a +0 scythe!
Casting: Static Discharge (safe; 5% risk of failure)
Confirm with . or Enter, or press ? or * to list all spells.
Sigmund is struck by an arc of lightning.
Sigmund is heavily wounded.
You are struck by an arc of lightning.
The lightning grounds out.
Sigmund closely misses you.
Unknown command.
Casting: Static Discharge (safe; 5% risk of failure)
Confirm with . or Enter, or press ? or * to list all spells.
Sigmund is struck by an arc of lightning.
Sigmund is heavily wounded.
You are struck by an arc of lightning.
The lightning grounds out.
Unknown command.
You barely miss Sigmund. You claw Sigmund.
Sigmund is severely wounded.
Sigmund hits you with a +0 scythe.
* * * LOW HITPOINT WARNING * * *
You barely miss Sigmund.
Sigmund is severely wounded.
Sigmund hits you with a +0 scythe!
You die...

####### #..... #.#..
#. #.#.###.# #.#
#.#<....# #.#
#.#@#####
##.###########.#@÷...#
................>###.#
#.#.#......####.#
#...............#
#..#####.†####### #.##
#..# ##.# #..#
#..######..#


You could see Sigmund.

Vanquished Creatures
  2 adders (D:2)
  A dart slug (D:1)
  6 bats
  2 endoplasms (D:1)
  3 giant cockroaches
  4 goblins
  4 hobgoblins
  4 jackals
  3 kobolds
  5 ball pythons
  5 frilled lizards
  A rat (D:2)
40 creatures vanquished.

Notes
Turn   | Place    | Note
-------+----------+-------------------------------------------
     0 | D:1      | growler the Tengu Air Elementalist began the quest for the
                  | Orb.
     0 | D:1      | Reached XP level 1. HP: 10/10 MP: 4/4
   224 | D:1      | Reached XP level 2. HP: 15/15 MP: 1/6
   281 | D:1      | Got the Compilation of Burnt Interference
  1003 | D:2      | Found a faded altar of an unknown god.
  1144 | D:2      | Reached XP level 3. HP: 10/19 MP: 0/7
  1988 | D:2      | Learned a level 2 spell: Static Discharge
  1992 | D:2      | Learned a level 3 spell: Swiftness
  2010 | D:3      | Reached XP level 4. HP: 24/24 MP: 6/9
  2207 | D:3      | Noticed Sigmund
  2299 | D:3      | Slain by Sigmund

Illustrated notes

Levels and vault maps discovered:
D:1:      erik_arrival_orb_chamber, layout_loops_ring, minmay_pentomino_u2
D:2:      layout_loops_corners, hellmonk_ecumenical_altar_pennies_from_heaven
D:3:      minmay_spotlight, layout_basic,
          chequers_temple_overflow_statue_of_worship, uniq_sigmund

Skill      XL: |  1  2  3 |
---------------+----------+-----
Conjurations   | 2 3 |  3.1
Dodging        | |  2.1
Stealth        | |  2.0
Spellcasting   | |  2.8
Air Magic      | |  4.9

Action                     |  1- 3 |  4- 6 || total
---------------------------+-------+-------++-------
  Melee: Dagger            |    20 |     2 ||    22
         Kick              |     4 |     1 ||     5
         Unarmed           |     1 |       ||     1
         Peck              |     1 |       ||     1
   Cast: Shock             |    68 |    15 ||    83
         Static Discharge  |       |     4 ||     4
    Use: Potion            |       |     1 ||     1
 Armour: Robe              |     6 |       ||     6
  Dodge: Dodged            |    21 |     5 ||    26
